 Dungeon Crawl Stone Soup version 0.19-a0-1216-g363869b (webtiles) character file.

180574 junb69 the Eclecticist (level 17, 0/138 HPs)
             Began as a Pale Draconian Conjurer on Aug 20, 2016.
             Was a High Priest of Vehumet.
             Slain by a deep elf blademaster
             ... wielding a +2 rapier of protection
              (24 damage)
             ... on level 1 of the Elven Halls on Aug 23, 2016.
             The game lasted 03:57:53 (53795 turns).

junb69 the Eclecticist (Pale Draconian Conjurer)   Turns: 53795, Time: 03:57:53

Health: 0/138      AC: 16    Str: 11    XL:     17   Next: 64%
Magic:  30/38      EV: 17    Int: 24    God:    Vehumet [*****.]
Gold:   263        SH:  8    Dex: 13    Spells: 8 memorised, 10 levels left

rFire  . . .     SeeInvis .     r - +6 falchion "Bebimneh" {flame, MR+ Int+3}
rCold  . . .     Gourm    .     (armour unavailable)
rNeg   . . .     Faith    .     u - +3 buckler "Sejexas" {*Corrode +Blink +Inv Regen+}
rPois  +         Spirit   .     (helmet restricted)
rElec  .         Dismiss  .     E - +0 cloak
rCorr  .         Reflect  .     C - +2 pair of gloves
MR     ++...     Harm     .     B - +2 pair of boots
Stlth  +++.......               a - amulet of magic regeneration
                                l - ring of stealth
                                p - ring of poison resistance

@: lethally poisoned (0 -> -14)
A: breathe steam, unfitting armour, cold-blooded, AC +9
a: Breathe Steam, Renounce Religion, Evoke Blink, Evoke Invisibility


You were on level 1 of the Elven Halls.
You worshipped Vehumet.
Vehumet was extremely pleased with you.
You were not hungry.

You visited 5 branches of the dungeon, and saw 26 of its levels.
You also visited: Ossuary.

You collected 2354 gold pieces.
You spent 2091 gold pieces at shops.

Inventory:

Hand Weapons
 r - the +6 falchion "Bebimneh" (weapon) {flame, MR+ Int+3}
   (You found it on level 5 of the Lair of Beasts)

   It has been specially enchanted to burn those struck by it, causing extra
   injury to most foes and up to half again as much damage against particularly
   susceptible opponents.
   Big, fiery blades are also staple armaments of hydra-hunters.
   It affects your intelligence (+3).
   It affects your resistance to hostile enchantments.
Armour
 u - the +3 buckler "Sejexas" (worn) {*Corrode +Blink +Inv Regen+}
   (You bought it in a shop on level 8 of the Dungeon)

   It lets you turn invisible.
   It lets you blink.
   It increases your rate of regeneration.
   It may corrode you when you take damage.
 B - a +2 pair of boots (worn)
 C - a +2 pair of gloves (worn)
 E - a +0 cloak (worn)
Jewellery
 a - an amulet of magic regeneration (around neck)
 l - a ring of stealth (right hand)
 p - a ring of poison resistance (left hand)
 H - the ring of Wamuohim {rPois rF++ rC+ rN+ Int-2}
   (You found it on level 6 of the Lair of Beasts)

   [ring of poison resistance]

   It affects your intelligence (-2).
   It greatly protects you from fire.
   It protects you from cold.
   It protects you from poison.
   It protects you from negative energy.
Wands
 A - a wand of flame (30/48)
 F - a wand of digging (17/24)
 L - a wand of paralysis (15/24)
Scrolls
 f - 14 scrolls of remove curse
 k - 5 scrolls of fog
 s - 4 scrolls of enchant armour
 y - 10 scrolls of identify
 I - a scroll of enchant weapon
 K - a scroll of recharging
 M - 3 scrolls of brand weapon {unknown}
Potions
 c - 2 potions of resistance
 d - a potion of cure mutation
 e - 4 potions of cancellation
 g - a potion of ambrosia
 j - 5 potions of lignification
 m - a potion of flight
 n - 2 potions of agility
 t - 8 potions of brilliance
 w - a potion of might
 G - 5 potions of curing
 J - a potion of haste
Comestibles
 b - 15 bread rations
 i - 15 meat rations
 o - 4 slices of pizza
 v - a royal jelly


   Skills:
 - Level 9.2 Fighting
 - Level 8.7 Dodging
 - Level 1.7 Stealth
 - Level 4.5 Shields
 * Level 17.7 Spellcasting
 * Level 17.2 Conjurations
 - Level 7.5 Charms
 - Level 2.9 Fire Magic
 - Level 11.5 Air Magic
 - Level 2.0 Poison Magic


You had 10 spell levels left.
You knew the following spells:

 Your Spells              Type           Power        Failure   Level  Hunger
a - Magic Dart            Conj           ####         0%          1    None
b - Searing Ray           Conj           ######       0%          2    None
c - Delayed Fireball      Conj/Fire      N/A          10%         7    #####..
d - Iskenderun's Battles  Conj/Chrm      ######..     1%          5    None
e - Tornado               Air            ######....   100%        9    #######
f - Irradiate             Conj/Tmut      ######....   1%          5    None
h - Poison Arrow          Conj/Pois      ######....   2%          6    ####...
i - Iron Shot             Conj/Erth      ######....   3%          6    ####...


Dungeon Overview and Level Annotations

Branches:
Dungeon (15/15)            Temple (0/1) D:7            Lair (6/6) D:10
  Swamp (1/4) Lair:2       Spider (0/4) Lair:2        Slime (0/5) Lair:5
    Orc (2/2) D:12            Elf (2/3) Orc:2        Vaults (0/5) D:14
 Depths (0/5) D:15

Altars:
Ashenzari
Dithmenos
Fedhas
Gozag
Hepliaklqana
Kikubaaqudgha
Makhleb
Okawaru
Sif Muna
Vehumet
Xom
The Shining One

Shops:
D:5 !   D:7 !   D:8 [(:   Orc:2 :*[(   Elf:1 :%?

Annotations:
D:15 Gruesome's ghost, journeyman TrHu
Lair:2 exclusion: oklob plant
Lair:3 exclusion: hydra


Innate Abilities, Weirdness & Mutations

You can breathe blasts of scalding, opaque steam.
Your pale cyan-grey scales are hard. (AC +9)
Your body does not fit into most forms of armour.
You are cold-blooded and may be slowed by cold attacks.


Message History

Your battlesphere is destroyed!
You block the deep elf blademaster's attack.
The deep elf blademaster hits you with a rapier!!
The deep elf blademaster hits you with a rapier of protection!
The deep elf blademaster hits you with a rapier!
You see here a long sword.
You block the deep elf blademaster's attack.
The deep elf blademaster hits you with a rapier!
There is a stone staircase leading up, spattered with blood here.
The deep elf blademaster hits you with a rapier of protection!!
The deep elf blademaster hits you with a rapier!!
The glaive of venom hits you from afar!!
* * * LOW HITPOINT WARNING * * *
You are poisoned.
You climb upwards.
You feel very sick.
There is a stone staircase leading down, spattered with blood here.
You fail to use your ability.
You feel sick.
The deep elf blademaster hits you with a rapier of protection!!
You die...

#.##'###.###.##..###.##
#.##.##.## ##.#.##8...8
#.##....# #..##8.....
#.####..## ##.##8..)...
#.###....###.##8....∩..
#.##.........#8....[...
#...../....#)#...).....
####.....###......).#..
##.@.## ###.........
#e.## #8........ #.##
##8....∩.. #.#
##8...... #.# ##8.....
#.# ##8...8 #.# ###.##
#.# #..## #.# #.###


You could see a deep elf blademaster.

Vanquished Creatures
  Rupert (Lair:4)
  Frances (Swamp:1)
  Kirke (D:13)
  2 deep elf sorcerers
  2 orc warlords (Orc:2)
  A deep elf elementalist (Elf:2)
  The ghost of sergedm the Sorcerer, a journeyman DECj of Vehumet (Swamp:1)
  A stone giant (Orc:1)
  A deep elf demonologist (Elf:1)
  2 deep elf annihilators (Elf:1)
  Snorg (D:13)
  A spark wasp (shapeshifter) (D:15)
  A deep elf death mage (Elf:2)
  An ettin (Orc:1)
  Josephine (Orc:2)
  A deep elf high priest (Elf:1)
  The ghost of sergedm the Eclecticist, a journeyman DECj of Vehumet (D:14)
  Harold (Lair:3)
  4 centaur warriors
  16 hydras
  2 death knights
  An alligator (Swamp:1)
  18 dancing weapons
  A tengu warrior (D:15)
  4 death yaks (Lair:6)
  Urug (D:13)
  5 orc high priests
  16 deep elf knights
  3 spriggans (Swamp:1)
  5 skeletal warriors
  An unseen horror (D:12)
  A swamp dragon (Swamp:1)
  A phantasmal warrior (D:13)
  6 deep elf archers (Elf:2)
  7 hill giants
  4 orc knights
  Pikel (D:8)
  A lindwurm (Lair:6)
  An anubis guard (shapeshifter) (D:15)
  A wolf spider (D:15)
  A wolf spider (shapeshifter) (D:14)
  5 orc sorcerers
  4 manticores
  12 ugly things
  51 deep elf magi
  3 griffons
  9 cyclopes
  15 elephants
  A moth of wrath (shapeshifter) (D:15)
  An eye of devastation (shapeshifter) (D:14)
  5 black mambas
  3 torpor snails (Lair:6)
  17 spiny frogs
  A gargoyle (D:11)
  A kobold demonologist (D:12)
  3 freezing wraiths
  5 komodo dragons
  2 tengu conjurers
  9 trolls
  3 polar bears
  2 giant leeches (Swamp:1)
  A merfolk (D:9)
  Grinder (D:6)
  4 two-headed ogres
  2 hornet zombies (D:15)
  A meliai zombie (D:14)
  19 slime creatures
  19 blink frogs
  2 boulder beetles (Lair:6)
  2 centaur simulacra
  8 redbacks
  3 water elementals (Elf:1)
  2 vampires
  3 air elementals (Elf:2)
  A yak (shapeshifter) (D:14)
  6 wraiths
  3 wyverns
  6 shadows
  2 tarantellas (shapeshifter)
  A fire elemental (Elf:1)
  62 yaks
  2 hungry ghosts
  4 hippogriffs
  19 vampire mosquitoes
  Menkaure (D:5)
  A naga (shapeshifter) (D:15)
  8 swamp worms
  3 wargs
  5 insubstantial wisps (Swamp:1)
  3 mottled dragons
  15 water moccasins
  A soldier ant (D:14)
  2 hell hounds (Lair:6)
  Duvessa (D:4)
  4 ice beasts
  13 porcupines
  A swamp drake (D:12)
  A black bear (D:12)
  An eye of draining (D:12)
  3 slaves (D:8)
  A sky beast (D:12)
  51 orc warriors
  14 ogres
  5 wasps
  4 necrophages
  3 phantoms
  6 wolves (Lair:6)
  5 boggarts (D:15)
  24 centaurs
  17 crocodiles
  A big kobold (D:7)
  Blork the orc (D:5)
  A big kobold (shapeshifter) (D:15)
  15 giant frogs
  A gnoll sergeant (D:8)
  An earth elemental (Elf:2)
  Dowan (D:4)
  5 killer bees (D:10)
  6 scorpions
  3 electric eels
  13 wights
  A giant frog zombie (D:9)
  3 howler monkeys
  3 quasits
  6 centaur zombies
  3 crimson imps
  8 jellies
  8 hounds
  32 orc priests
  Crazy Yiuf (D:6)
  4 centaur skeletons
  A gnoll shaman (D:8)
  5 giant frog skeletons
  12 iguanas
  Natasha (twice) (D:3)
  43 orc wizards
  7 worker ants
  23 sheep
  A hound skeleton (D:7)
  3 mummies (Ossuary)
  A worker ant zombie (D:7)
  12 adders
  12 gnolls
  A howler monkey skeleton (D:8)
  16 river rats
  8 shadow imps
  3 oozes
  4 adder zombies
  8 worms
  3 dart slugs
  7 giant geckos
  115 orcs
  4 bat skeletons (D:2)
  A bat zombie (D:2)
  5 giant cockroaches
  6 goblins
  5 hobgoblins
  9 jackals
  11 kobolds
  9 quokkas
  2 ball pythons
  7 bats
  8 giant newts
  4 goblin zombies (Ossuary)
  4 hobgoblin zombies (Ossuary)
  A jackal skeleton (D:6)
  4 kobold zombies (Ossuary)
  A quokka skeleton (D:5)
  2 quokka zombies (Ossuary)
  15 rats
  A rat zombie (Ossuary)
1143 creatures vanquished.

Vanquished Creatures (collateral kills)
  2 slime creatures (D:15)
2 creatures vanquished.

Vanquished Creatures (others)
  A deep elf knight (Elf:2)
  2 blink frogs (Lair:5)
  A human (D:13)
  An electric eel (Elf:1)
  An orc (D:12)
  A fire vortex (Lair:1)
  29 fungi
  20 plants
56 creatures vanquished.

Grand Total: 1201 creatures vanquished

Notes
Turn   | Place    | Note
-------+----------+-------------------------------------------
     0 | D:1      | junb69 the Draconian Conjurer began the quest for the Orb.
     0 | D:1      | Reached XP level 1. HP: 14/14 MP: 3/3
   303 | D:1      | Reached XP level 2. HP: 20/20 MP: 1/5
   689 | D:1      | Learned a level 2 spell: Searing Ray
  1110 | D:2      | Reached XP level 3. HP: 24/26 MP: 5/7
  2329 | D:2      | Found an ancient bone altar of Kikubaaqudgha.
  2334 | D:2      | Reached XP level 4. HP: 30/33 MP: 8/8
  2386 | D:2      | Found a radiant altar of Vehumet.
  2393 | D:2      | Found an iron altar of Okawaru.
  2395 | D:2      | Became a worshipper of Vehumet
  2468 | D:2      | Learned a level 3 spell: Dazzling Spray
  2846 | D:3      | Noticed Natasha
  2893 | D:3      | Reached skill level 5 in Conjurations
  3145 | D:3      | Found an opulent altar of Gozag.
  3168 | D:3      | Reached XP level 5. HP: 38/38 MP: 10/10
  3225 | D:3      | Found a glowing golden altar of the Shining One.
  3299 | D:3      | Learned a level 5 spell: Iskenderun's Battlesphere
  3368 | D:3      | Killed Natasha
  3400 | D:3      | Noticed Natasha
  3407 | D:3      | Killed Natasha
  3483 | D:3      | Reached * piety under Vehumet
  3483 | D:3      | Offered knowledge of Sandblast by Vehumet.
  3822 | D:4      | Found a shattered altar of Ashenzari.
  3824 | D:4      | Found a blossoming altar of Fedhas.
  3906 | D:4      | Found a shadowy altar of Dithmenos.
  3910 | D:4      | Noticed Dowan
  3911 | D:4      | Noticed Duvessa
  3914 | D:4      | Noticed an orc warrior
  4161 | D:3      | Killed an orc warrior
  4161 | D:3      | Reached XP level 6. HP: 3/45 MP: 1/13
  4727 | D:4      | Found a deep blue altar of Sif Muna.
  5371 | D:4      | Killed Duvessa
  5371 | D:4      | Reached skill level 1 in Charms
  5371 | D:4      | Your scales start taking on a pale cyan-grey colour.
  5371 | D:4      | Reached XP level 7. HP: 41/50 MP: 4/14
  5447 | D:4      | Killed Dowan
  5913 | D:5      | Entered Level 5 of the Dungeon
  6000 | D:5      | Found a blossoming altar of Fedhas.
  6089 | D:5      | Noticed Menkaure
  6104 | D:5      | Killed Menkaure
  6300 | D:5      | Offered knowledge of Throw Flame by Vehumet.
  6413 | D:5      | Found Jaunoex's Distillery.
  6477 | D:5      | Bought a potion of heal wounds for 70 gold pieces
  6526 | D:5      | Reached ** piety under Vehumet
  6692 | D:6      | Found a burning altar of Makhleb.
  6724 | D:7      | Reached skill level 5 in Charms
  6724 | D:7      | Reached XP level 8. HP: 37/57 MP: 4/15
  6983 | D:6      | Found a runed door.
  7062 | D:6      | Noticed Blork the orc
  7075 | D:5      | Killed Blork the orc
  7262 | D:6      | Found a sand-covered staircase.
  7274 | Ossuary  | Entered an ossuary
  8053 | D:6      | Noticed Grinder
  8058 | D:6      | Killed Grinder
  8058 | D:6      | Offered knowledge of Stone Arrow by Vehumet.
  8088 | D:6      | Found Rinya's Book Shop.
  8240 | D:6      | Noticed Crazy Yiuf
  8242 | D:6      | Killed Crazy Yiuf
  8277 | D:7      | Found a staircase to the Ecumenical Temple.
  8287 | D:7      | Reached skill level 5 in Spellcasting
  8349 | D:7      | Found Utoph's Distillery.
  8363 | D:7      | Bought a potion of heal wounds for 65 gold pieces
  8363 | D:7      | Bought a potion of heal wounds for 65 gold pieces
  8363 | D:7      | Bought a potion of heal wounds for 65 gold pieces
  8677 | D:7      | Reached XP level 9. HP: 62/62 MP: 7/17
  8688 | D:7      | Reached *** piety under Vehumet
  9755 | D:8      | Found Yggass's Antique Armour Boutique.
  9791 | D:8      | Offered knowledge of Static Discharge by Vehumet.
  9821 | D:8      | Learned a level 3 spell: Static Discharge
 10418 | D:8      | Found Hituph's Food Shop.
 10587 | D:8      | Found Fouxima's Weapon Shop.
 10755 | D:8      | Found Othatz's Food Shoppe.
 10782 | D:8      | Noticed Pikel
 10788 | D:8      | Killed Pikel
 10788 | D:8      | Reached XP level 10. HP: 69/69 MP: 13/21
 10973 | D:8      | Found Otoizeth's Book Shop.
 11004 | D:8      | Found a shimmering altar of Xom.
 11005 | D:8      | Reached **** piety under Vehumet
 11434 | D:9      | Offered knowledge of Irradiate by Vehumet.
 11492 | D:9      | Reached skill level 10 in Conjurations
 11654 | D:9      | Reached skill level 1 in Fighting
 12355 | D:9      | Found a hazy altar of Hepliaklqana.
 12490 | D:10     | Entered Level 10 of the Dungeon
 12820 | D:10     | Reached skill level 5 in Fighting
 13047 | D:10     | Found a hazy altar of Hepliaklqana.
 13306 | D:10     | Found a staircase to the Lair.
 13689 | D:10     | Reached XP level 11. HP: 89/89 MP: 20/24
 14060 | D:10     | Learned a level 5 spell: Irradiate
 14182 | D:8      | Bought an embroidered hat for 136 gold pieces
 14412 | Lair:1   | Entered Level 1 of the Lair of Beasts
 16237 | Lair:2   | Noticed a seven-headed hydra
 16828 | Lair:2   | Reached skill level 10 in Spellcasting
 17242 | Lair:2   | Found a hole to the Spider Nest.
 17755 | Lair:2   | Found a blossoming altar of Fedhas.
 17775 | Lair:2   | Noticed an oklob plant
 18075 | Lair:2   | Noticed a five-headed hydra
 18561 | Lair:2   | Found a staircase to the Swamp.
 18648 | Lair:3   | Noticed Harold
 19210 | Lair:3   | Noticed a griffon
 19218 | Lair:3   | Killed a griffon
 19276 | Lair:3   | Learned a level 4 spell: Iskenderun's Mystic Blast
 19449 | Lair:3   | Reached XP level 12. HP: 98/101 MP: 2/27
 20349 | Lair:3   | Noticed a six-headed hydra
 20526 | Lair:3   | Killed Harold
 20526 | Lair:3   | Reached skill level 5 in Dodging
 21081 | Lair:4   | Noticed a six-headed hydra
 21083 | Lair:4   | Noticed a four-headed hydra
 21972 | Lair:4   | Noticed Rupert
 21975 | Lair:4   | Noticed a six-headed hydra
 22686 | D:11     | Reached ***** piety under Vehumet
 22769 | D:11     | Offered knowledge of Airstrike by Vehumet.
 24236 | D:11     | Noticed a five-headed hydra
 25167 | D:11     | Reached XP level 13. HP: 107/107 MP: 25/28
 25910 | D:12     | Offered knowledge of Sticky Flame by Vehumet.
 27989 | D:12     | Found a staircase to the Orcish Mines.
 28050 | Orc:1    | Entered Level 1 of the Orcish Mines
 28057 | Orc:1    | Offered knowledge of Poison Arrow by Vehumet.
 28125 | Orc:1    | Found a deep blue altar of Sif Muna.
 28181 | Orc:1    | Noticed an ettin
 28187 | Orc:1    | Killed an ettin
 28331 | Orc:1    | Noticed a stone giant
 28467 | Orc:1    | Killed a stone giant
 28758 | Orc:2    | Entered Level 2 of the Orcish Mines
 28763 | Orc:2    | Noticed an orc warlord
 28804 | Orc:2    | Found a staircase to the Elven Halls.
 28804 | Orc:2    | Paralysed by an orc sorcerer for 4 turns
 29103 | Orc:2    | Killed an orc warlord
 30158 | Orc:2    | Learned a level 6 spell: Poison Arrow
 30361 | Orc:2    | Noticed Josephine
 30403 | Orc:1    | Reached skill level 1 in Poison Magic
 30482 | Orc:2    | Killed Josephine
 30737 | Orc:2    | Reached XP level 14. HP: 109/118 MP: 16/32
 30973 | Orc:2    | Noticed an orc warlord
 31337 | Orc:2    | Killed an orc warlord
 31480 | Orc:2    | Offered knowledge of Iron Shot by Vehumet.
 31821 | Orc:2    | Reached skill level 15 in Spellcasting
 32313 | Orc:2    | Found Kyaneh's Antique Armour Boutique.
 32314 | Orc:2    | Found Kaitosm's Antique Weapon Shop.
 32317 | Orc:2    | Found Ezxiar's General Store.
 32317 | Orc:2    | Found Geor's Book Boutique.
 32379 | Orc:2    | Learned a level 6 spell: Iron Shot
 33533 | D:8      | Bought the +3 mace of the Heavens {drain, Int+2} for 474 gold pieces
 33581 | D:8      | Bought a translucent buckler for 323 gold pieces
 33589 | D:8      | Identified the +3 buckler "Sejexas" {*Corrode +Blink +Inv Regen+} (You bought it in a shop on level 8 of the Dungeon)
 33872 | Lair:2   | Reached skill level 1 in Shields
 34193 | Lair:4   | Paralysed by Rupert for 3 turns
 34200 | Lair:4   | Killed Rupert
 35375 | Lair:5   | Offered knowledge of Delayed Fireball by Vehumet.
 35432 | Lair:5   | Got a bone falchion
 35435 | Lair:5   | Identified the +6 falchion "Bebimneh" {flame, MR+ Int+3} (You found it on level 5 of the Lair of Beasts)
 35526 | Lair:5   | Learned a level 7 spell: Delayed Fireball
 35536 | Lair:5   | Learned a level 9 spell: Tornado
 35585 | Lair:5   | Reached skill level 1 in Fire Magic
 35585 | Lair:5   | Reached skill level 1 in Air Magic
 35731 | Lair:5   | Found a staircase to the Slime Pits.
 36096 | Lair:6   | Entered Level 6 of the Lair of Beasts
 36775 | Lair:6   | Reached XP level 15. HP: 124/124 MP: 27/34
 36953 | Lair:6   | Reached skill level 5 in Air Magic
 37289 | Lair:6   | Offered knowledge of Bolt of Fire by Vehumet.
 38166 | Lair:6   | Got a shimmering brass ring
 38170 | Lair:6   | Identified the ring of Wamuohim {rPois rF++ rC+ rN+ Int-2} (You found it on level 6 of the Lair of Beasts)
 39101 | D:13     | Noticed Urug
 39105 | D:13     | Killed Urug
 39697 | D:13     | Noticed Snorg
 39704 | D:13     | Killed Snorg
 39704 | D:13     | Reached skill level 10 in Air Magic
 39876 | D:13     | Noticed Kirke
 39979 | D:13     | Killed Kirke
 41177 | D:14     | Offered knowledge of Freezing Cloud by Vehumet.
 41684 | D:14     | Found a gate to the Vaults.
 41693 | D:14     | Noticed sergedm's ghost (journeyman DECj)
 41696 | D:14     | Killed sergedm's ghost
 41848 | D:14     | Found an iron altar of Okawaru.
 42822 | D:15     | Entered Level 15 of the Dungeon
 43789 | D:15     | Reached XP level 16. HP: 92/132 MP: 6/35
 44950 | D:15     | Reached ****** piety under Vehumet
 44962 | D:15     | Noticed Gruesome's ghost (journeyman TrHu)
 45465 | D:14     | Offered knowledge of Lehudib's Crystal Spear by Vehumet.
 45465 | D:14     | Offered knowledge of Fire Storm by Vehumet.
 45465 | D:14     | Offered knowledge of Glaciate by Vehumet.
 46532 | D:15     | Found a staircase to the Depths.
 46907 | Elf:1    | Entered Level 1 of the Elven Halls
 47138 | D:8      | Bought a slice of pizza for 16 gold pieces
 47138 | D:8      | Bought a bread ration for 55 gold pieces
 47138 | D:8      | Bought a slice of pizza for 16 gold pieces
 47138 | D:8      | Bought a meat ration for 55 gold pieces
 47138 | D:8      | Bought a bread ration for 55 gold pieces
 47138 | D:8      | Bought a meat ration for 55 gold pieces
 47138 | D:8      | Bought a slice of pizza for 16 gold pieces
 47138 | D:8      | Bought a bread ration for 55 gold pieces
 47138 | D:8      | Bought a bread ration for 55 gold pieces
 47138 | D:8      | Bought a bread ration for 55 gold pieces
 47138 | D:8      | Bought 2 fruits for 33 gold pieces
 47203 | D:8      | Bought a meat ration for 55 gold pieces
 47203 | D:8      | Bought a meat ration for 55 gold pieces
 47203 | D:8      | Bought a slice of pizza for 16 gold pieces
 47203 | D:8      | Bought a meat ration for 55 gold pieces
 47203 | D:8      | Bought 3 fruits for 49 gold pieces
 47203 | D:8      | Bought a slice of pizza for 16 gold pieces
 47203 | D:8      | Bought a bread ration for 55 gold pieces
 47203 | D:8      | Bought a beef jerky for 16 gold pieces
 47203 | D:8      | Bought a meat ration for 55 gold pieces
 47203 | D:8      | Bought a meat ration for 55 gold pieces
 47405 | Swamp:1  | Entered Level 1 of the Swamp
 47474 | Swamp:1  | Noticed sergedm's ghost (journeyman DECj)
 47705 | Swamp:1  | Upgraded the game from 0.19-a0-1201-gda63bca to 0.19-a0-1206-g6bcb79c
 47725 | Swamp:1  | Reached skill level 15 in Conjurations
 48068 | Swamp:1  | Noticed Frances
 48076 | Swamp:1  | Killed Frances
 48257 | Swamp:1  | Killed sergedm's ghost
 50874 | Elf:1    | Reached XP level 17. HP: 107/138 MP: 17/37
 51079 | Elf:1    | Found Lynu's Food Emporium.
 51109 | Elf:1    | Found Ejyn's Magic Scroll Shoppe.
 51324 | Elf:1    | Found Tuokud's Book Shoppe.
 51388 | Elf:1    | Upgraded the game from 0.19-a0-1206-g6bcb79c to 0.19-a0-1216-g363869b
 52071 | Elf:2    | Found Wirroagh's Book Boutique.
 52230 | Elf:2    | Found a radiant altar of Vehumet.
 53076 | Elf:2    | Found a huge runed gate.
 53076 | Elf:2    | Found a huge runed gate.
 53076 | Elf:2    | Found a huge runed gate.
 53076 | Elf:2    | Found a huge runed gate.
 53077 | Elf:2    | Found a huge runed gate.
 53415 | Elf:2    | Noticed a deep elf blademaster
 53795 | Elf:1    | Slain by a deep elf blademaster

Vault maps used:
D:1:      dpeg_arrival_orchard, serial_glass, glass_columns_b, glass_columns_a,
          glass_columns_c, glass_columns_b, glass_columns_a
D:2:      kennysheep_vampire_church, minitemple
D:3:      tso_oasis_becter, nicolae_gozag_seed_capital, first_bread,
          hangedman_decor_growths, uniq_natasha
D:4:      lemuel_doored_altar, grunt_temple_overflow_open,
          roderic_roman_lattice, serial_bayou_lagoon_b, uniq_duvessa
D:5:      basic_altar, serial_shops, shop_fountains, corexii_corridor_pit,
          uniq_menkaure
D:6:      nicolae_overflow_hidden_temple, serial_shops, shop,
          nicolae_ossuary_entry_ruins, uniq_crazy_yiuf_cottage,
          uniq_blork_the_orc, uniq_grinder
D:7:      serial_shops, shop, minivault_25, st_stairs_5
D:8:      lemuel_round_altar, serial_shops, kennysheep_mini_moat,
          nicolae_shop_overgrown_old_shop, shop, shop_fountains,
          nicolae_shop_stone, uniq_pikel
D:9:      lemuel_crystal_altar, hangedman_fish_farm
D:10:     basic_altar
D:12:     erik_orc_1, spider_trap
D:13:     uniq_urug, uniq_snorg, uniq_kirke
D:14:     david_vaults_2, hangedman_decor_slide_cut, okawaru_ov_weapons_minmay
D:15:     gammafunk_enter_depths_forms, minmay_misc_feat_pillars,
          serial_park_tiny_2, grunt_decor_cap, grunt_tough_drop
Lair:1:   serial_forest, infiniplex_forest_end_1,
          infiniplex_forest_clump_double, infiniplex_forest_clump_small,
          infiniplex_forest_end_double, infiniplex_forest_straight_4,
          infiniplex_forest_lined_room_2, infiniplex_forest_side_room,
          lemuel_fruit_fields, infiniplex_staircase_pool, lemuel_fruit_tree
Lair:2:   minmay_swamp_entry_swarm, nicolae_spider_entry_non_spiders, tgw_fedhas
Lair:3:   lab_entry_generic, disabler_island, uniq_harold
Lair:4:   st_stairs_10, small_statue_intersection, grunt_megastairs_2,
          lemuel_fruit_fields, serial_bayou_shore_a, uniq_rupert
Lair:5:   nicolae_slime_entry_slimehenge
Lair:6:   hangedman_lair_in_review, enter_volcano_3
Swamp:1:  evilmike_swamp_ruin_house_2, infiniplex_staircase_pool_2, uniq_frances
Orc:1:    led_sif_book
Orc:2:    st_orc_congregation, lightli_orcish_oven, uniq_josephine
Elf:1:    minmay_elf_arrival_plus, serial_shops, nicolae_shop_waterfront,
          kennysheep_underground_church, minmay_shoptagon
Elf:2:    basic_altar, serial_shops, nicolae_shop_competitors_out_of_business
Ossuary:  ossuary_minmay_chase

Skill      XL: |  1  2  3  4  5  6  7  8  9 10 11 12 13 14 15 16 17 |
---------------+----------------------------------------------------+-----
Spellcasting   | 3 4 5 7 9 11 14 15 16 17 | 17.7
Conjurations   | 5 6 7 9 10 11 12 13 14 16 17 | 17.2
Charms         | 1 5 7 |  7.5
Fighting       | 5 8 9 |  9.2
Dodging        | 4 8 |  8.7
Poison Magic   | 2 |  2.0
Shields        | 4 |  4.5
Fire Magic     | 2 |  2.9
Air Magic      | 4 11 | 11.5
Stealth        | |  1.7

Action                   |  1- 3 |  4- 6 |  7- 9 | 10-12 | 13-15 | 16-18 || total
-------------------------+-------+-------+-------+-------+-------+-------++-------
Melee: Unarmed           |     2 |       |       |       |       |       ||     2
       Whip              |    57 |    91 |    29 |       |       |       ||   177
       Tailslap          |     6 |     7 |     7 |     3 |    46 |    19 ||    88
       Quarterstaff      |       |       |    41 |    93 |    52 |       ||   186
       Mace              |       |       |       |       |    54 |       ||    54
       Falchion          |       |       |       |       |   242 |   201 ||   443
 Fire: Blowgun           |       |     8 |       |       |       |       ||     8
 Cast: Magic Dart        |    63 |     3 |   111 |   149 |   415 |   182 ||   923
       Searing Ray       |     7 |    37 |    52 |   140 |   209 |    66 ||   511
       Dazzling Spray    |       |     1 |     3 |    11 |       |       ||    15
       Iskenderun's Batt |       |       |    11 |    51 |   185 |   100 ||   347
       Static Discharge  |       |       |       |     4 |       |       ||     4
       Iskenderun's Myst |       |       |       |    35 |    34 |       ||    69
       Irradiate         |       |       |       |     1 |     5 |     2 ||     8
       Poison Arrow      |       |       |       |       |    97 |   117 ||   214
       Iron Shot         |       |       |       |       |    25 |    34 ||    59
 Abil: Breathe Steam     |       |       |    26 |    36 |    35 |     5 ||   102
       Evoke Blink       |       |       |       |       |       |     1 ||     1
  Use: Potion            |     1 |     6 |     2 |       |     3 |    17 ||    29
       Scroll            |       |     4 |    12 |    11 |    11 |    10 ||    48
 Stab: Paralysed         |       |       |       |     1 |     3 |       ||     4
       Distracted        |       |       |       |       |     1 |       ||     1
  Eat: Chunk             |     5 |     9 |    18 |    32 |    55 |    34 ||   153
       Fruit             |       |     2 |       |    12 |       |     5 ||    19
       Pizza             |       |       |     1 |     1 |     2 |     2 ||     6
       Bread ration      |       |       |     1 |     2 |     3 |     2 ||     8
       Beef jerky        |       |       |       |     1 |     1 |     2 ||     4
       Meat ration       |       |       |       |     1 |     7 |     1 ||     9
Armor: Skin              |    55 |    59 |    48 |   129 |   198 |    96 ||   585
Dodge: Dodged            |   100 |   126 |   119 |   237 |   520 |   224 ||  1326
Block: Buckler           |       |       |       |       |   162 |   140 ||   302
